 Dungeon Crawl Stone Soup version 0.19.5 (webtiles) character file.

115 Lostpass the Chopper (level 5, -2/47 HPs)
             Began as a Hill Orc Monk on Mar 3, 2017.
             Slain by an orc
             ... wielding a +1 flail of distortion
              (6 damage)
             ... on level 3 of the Dungeon.
             The game lasted 00:14:36 (1879 turns).

Lostpass the Chopper (Hill Orc Monk)                Turns: 1879, Time: 00:14:38

Health: -2/47      AC:  2    Str: 15    XL:     5   Next: 0%
Magic:  5/5        EV: 13    Int: 10    God:
Gold:   88         SH:  0    Dex: 13    Spells: 0 memorised, 4 levels left

rFire  . . .     SeeInvis .     a - +0 hand axe
rCold  + . .     Gourm    .     p - +0 robe
rNeg   . . .     Faith    .     (no shield)
rPois  .         Spirit   .     (no helmet)
rElec  .         Reflect  .     (no cloak)
rCorr  .         Harm     .     (no gloves)
MR     .....                    (no boots)
Stlth  +.........               g - amulet of rage
                                (no ring)
                                (no ring)

@: confused
A: hooves 1, cold resistance 1, regeneration 1
a: Evoke Berserk Rage


You were on level 3 of the Dungeon.
You were very hungry.

You visited 1 branch of the dungeon, and saw 3 of its levels.

You collected 88 gold pieces.

Inventory:

Hand Weapons
 a - a +0 hand axe (weapon)
Missiles
 e - 49 stones (quivered)
Armour
 p - a +0 robe (worn)
Jewellery
 g - an amulet of rage (around neck)
Scrolls
 b - a scroll of recharging {unknown}
 d - a scroll of noise
 f - 3 scrolls of amnesia
 i - a scroll of identify
 j - 3 scrolls of fear
 k - a scroll of remove curse
 l - a scroll of immolation {unknown}
 m - a scroll of teleportation
 n - a scroll of random uselessness {unknown}
 o - a scroll of enchant weapon
Potions
 h - a potion of resistance
Comestibles
 c - 3 bread rations


   Skills:
 + Level 4.3 Fighting
 + Level 5.2 Axes
 + Level 0.3 Throwing
 + Level 2.8 Dodging
 + Level 2.3 Stealth
 + Level 1.2 Evocations


You had 4 spell levels left.
You didn't know any spells.

Dungeon Overview and Level Annotations

Branches:
Dungeon (3/15)

Altars:


Innate Abilities, Weirdness & Mutations

You have large cloven feet.
Your flesh is cold resistant. (rC+)
Your natural rate of healing is unusually fast.


Message History

* * * LOW HITPOINT WARNING * * *
The orc hits you with a hand axe.
* * * LOW HITPOINT WARNING * * *
Okay, then.
You're too confused!
Press: ? - help, v - describe, . - travel
Here: an orc, wielding a flail of distortion and wearing a leather armour (moderately wounded)
The floor.
You bump into the rock wall.
The orc wizard gestures at you while chanting.
The puff of flame hits you!
* * * LOW HITPOINT WARNING * * *
The orc barely misses you. The orc closely misses you.
You completely miss the orc wizard. Your kick misses the orc wizard.
The orc wizard is lightly wounded.
You hit the orc but do no damage. You barely miss the orc.
The orc wizard hits you with a dagger.
* * * LOW HITPOINT WARNING * * *
The orc hits you with a flail of distortion.
You die...

#.#.........# .# ?
#.#........# #.# #..
#.#.##.#...###.##...
....................#
###.##.#..........#.#
#.##.#.###......#.#
#.##.#.###.#<.....
#.##.........##o#.####
#.#...........@o......
#.#.##.####..##o#.####
#.#.##.# #..# ...
#.#.##.####..# .#.#
#.#........... .....
#.####..###...### ###
#.####..# #....
#.......# #.....
#.......# #...###


You could see an orc wizard and 2 orcs.

Vanquished Creatures
  6 adders
  An ooze (D:1)
  4 worms (D:2)
  2 dart slugs
  An orc (D:3)
  A giant cockroach (D:1)
  A goblin (D:2)
  4 hobgoblins
  9 jackals
  A ball python (D:1)
  2 bats (D:1)
  2 frilled lizards
  3 kobolds
  6 rats
43 creatures vanquished.

Notes
Turn   | Place    | Note
-------+----------+-------------------------------------------
     0 | D:1      | Lostpass the Hill Orc Monk began the quest for the Orb.
     0 | D:1      | Reached XP level 1. HP: 19/19 MP: 1/1
   177 | D:1      | Reached XP level 2. HP: 21/27 MP: 2/2
   333 | D:1      | Gained mutation: You have large cloven feet. [potion of mutation]
   333 | D:1      | Gained mutation: Your flesh is cold resistant. (rC+) [potion of mutation]
   333 | D:1      | Gained mutation: Your natural rate of healing is unusually fast. [potion of mutation]
   612 | D:1      | Reached XP level 3. HP: 29/33 MP: 3/3
  1104 | D:2      | Reached XP level 4. HP: 40/40 MP: 4/4
  1188 | D:2      | Reached skill level 1 in Evocations
  1795 | D:3      | Reached skill level 5 in Axes
  1871 | D:3      | Reached XP level 5. HP: 47/47 MP: 5/5
  1879 | D:3      | Slain by an orc

Skill      XL: |  1  2  3  4 |
---------------+-------------+-----
Fighting       | 4 |  4.3
Stealth        | 2 |  2.3
Evocations     | 1 |  1.2
Axes           | 5 |  5.2
Throwing       | |  0.3
Dodging        | |  2.8

Action                   |  1- 3 |  4- 6 || total
-------------------------+-------+-------++-------
Melee: Hand axe          |    97 |    65 ||   162
       Kick              |    15 |    17 ||    32
Throw: Stone             |    16 |    11 ||    27
 Abil: Evoke Berserk Rag |     1 |     2 ||     3
  Use: Scroll            |     3 |     4 ||     7
       Potion            |     2 |     1 ||     3
 Stab: Sleeping          |     5 |     2 ||     7
  Eat: Chunk             |     2 |     3 ||     5
Armor: Robe              |    13 |     3 ||    16
Dodge: Dodged            |    68 |    42 ||   110
